 Dungeon Crawl Stone Soup version 0.28.0-53-g5a82cb258f (webtiles) character file.

Game seed: 2073661219188225080

1237 quixfox the Cleaver (level 8, -1/71 HPs)
             Began as a Hill Orc Fighter on Apr 22, 2022.
             Slain by an orc warrior
             ... wielding a +0 hand axe
              (8 damage)
             ... on level 8 of the Dungeon on July 9, 2022.
             The game lasted 00:17:39 (6027 turns).

quixfox the Cleaver (Hill Orc Fighter)              Turns: 6027, Time: 00:17:39

Health: -1/71      AC: 17    Str: 21    XL:     8   Next: 49%
Magic:  8/8        EV:  7    Int:  8    God:
Gold:   149        SH:  5    Dex: 10    Spells: 7/7 levels left

rFire   + . .      SeeInvis .   a - +1 war axe
rCold   . . .      Faith    .   c - +0 buckler
rNeg    . . .      Spirit   .   o - +0 chain mail
rPois   .          Reflect  .   p - +1 helmet
rElec   .          Harm     .   r - +0 cloak
rCorr   .          Rampage  .   (no gloves)
Will    .....                   (no boots)
Stlth   ..........              (no amulet)
HPRegen 0.21/turn               s - +4 ring of protection
MPRegen 0.11/turn               v - ring of protection from fire

@: mighty
A: no striking features
a: no special abilities


You were on level 8 of the Dungeon.
You visited 1 branch of the dungeon, and saw 6 of its levels.

You collected 149 gold pieces.

Inventory:

Hand Weapons
 a - a +1 war axe (weapon)
Missiles
 f - a javelin (quivered)
Armour
 c - a +0 buckler (worn)
 o - a +0 chain mail (worn)
 p - a +1 helmet (worn)
 r - a +0 cloak (worn)
Jewellery
 b - a ring of fire
 l - a ring of fire
 s - a +4 ring of protection (left hand)
 v - a ring of protection from fire (right hand)
Wands
 d - a wand of flame (10)
 i - a wand of charming (10)
 m - a wand of iceblast (4)
Scrolls
 g - 3 scrolls of amnesia
 h - 2 scrolls of magic mapping
 y - a scroll of teleportation
 z - a scroll of fog {unknown}
Potions
 e - 2 potions of lignification
 j - a potion of brilliance
 k - a potion of mutation
 q - 2 potions of invisibility
 t - a potion of cancellation
 u - a potion of flight {unknown}
 w - a potion of ambrosia {unknown}
 x - 2 potions of heal wounds {unknown}


   Skills:
 + Level 6.9 Fighting
 * Level 8.4 Axes
 + Level 6.2 Armour
 - Level 5.1 Shields


You had 7 spell levels left.
You didn't know any spells.
Your spell library contained the following spells:

 Spells                   Type           Power      Damage    Failure   Level
 Shock                    Conj/Air       0%         1d3       99%         1
 Static Discharge         Conj/Air       0%         N/A       100%        2
 Swiftness                Air            0%         N/A       100%        3
 Airstrike                Air            0%         N/A       100%        4
 Lightning Bolt           Conj/Air       0%         1d11      100%        5
 Maxwell's Capacitive Co  Air            0%         ∞         100%        8


Dungeon Overview and Level Annotations

Branches:
Dungeon (5/15)
 Temple: D:4-7

Altars:
Hepliaklqana

Shops:
D:1 =

Annotations:
D:3 3 runed translucent doors, qwertyui's ghost, amateur GrFi


Message History

The orc hits you but does no damage.
You're too confused to move!
The orc warrior hits you with a +0 hand axe!
Something hits you but does no damage. The orc barely misses you.
You closely miss something. You slash the orc!
You kill the orc!
You miss the orc warrior.
The orc warrior hits you with a +0 hand axe.
You hear some strange, mumbled words.
A magic dart appears from out of thin air!
The magic dart hits you but does no damage.
The orc warrior barely misses you.
Things that are here:
a +0 club; an orc corpse You hit the orc warrior but do no damage.
The orc warrior is moderately wounded.
You closely miss something.
The orc warrior hits you with a +0 hand axe.
Something hits you but does no damage.
You feel less confused.
The orc warrior hits you with a +0 hand axe.
* * * LOW HITPOINT WARNING * * *
You see here a +0 falchion.
The orc warrior hits you but does no damage.
Something hits you but does no damage.
You closely miss the orc warrior.
The orc warrior is moderately wounded.
You slash something!
Reactivating autopickup.
You feel a bit more experienced.
The orc warrior hits you with a +0 hand axe!
* * * LOW HITPOINT WARNING * * *
The orc warrior hits you with a +0 hand axe!
* * * LOW HITPOINT WARNING * * *
You feel very mighty all of a sudden. You block the orc warrior's attack.
You hit the orc warrior.
The orc warrior is heavily wounded.
The orc warrior hits you with a +0 hand axe!
You die...

#. .##.#####
....!....
........#####
...>........
..........##
...........#
.....$.))..######
.......@o........
............#####
........)..##
........)))#
..........##
..##.....## ##
#######


You could see an orc warrior.

Vanquished Creatures
  Sigmund (D:3)
  2 sky beasts (D:5)
  A necrophage (D:5)
  A centaur (D:5)
  A scorpion (D:5)
  2 orc priests
  3 hounds
  A bullfrog skeleton (D:5)
  A gnoll shaman (D:5)
  2 centaur skeletons
  Jessica (D:3)
  Ijyb (D:3)
  Terence (D:3)
  An iguana (D:4)
  2 orc wizards
  A hound skeleton (D:4)
  Robin (D:4)
  5 gnolls (D:5)
  4 adders
  A howler monkey skeleton (D:5)
  An ufetubus (D:5)
  3 worms
  5 dart slugs
  14 orcs
  11 endoplasms
  3 giant cockroaches
  11 hobgoblins
  3 jackals (D:1)
  6 kobolds
  5 quokkas
  6 ball pythons
  6 bats
  6 frilled lizards
  16 goblins
  8 rats
137 creatures vanquished.

Vanquished Creatures (others)
  2 fungi (D:1)
2 creatures vanquished.

Grand Total: 139 creatures vanquished

Notes
Turn   | Place    | Note
-------+----------+-------------------------------------------
     0 | D:1      | quixfox the Hill Orc Fighter began the quest for the Orb.
     0 | D:1      | Reached XP level 1. HP: 19/19 MP: 1/1
   237 | D:1      | Found Zasoiw's One-of-a-Kind Rings.
   263 | D:1      | Reached skill level 3 in Axes
   263 | D:1      | Reached XP level 2. HP: 27/27 MP: 2/2
   578 | D:1      | Reached XP level 3. HP: 29/33 MP: 3/3
   707 | D:1      | Found a faded altar of an unknown god.
  1686 | D:2      | Reached XP level 4. HP: 40/40 MP: 4/4
  2474 | D:3      | Noticed Jessica
  2489 | D:3      | Killed Jessica
  2490 | D:3      | Reached skill level 4 in Axes
  2490 | D:3      | Reached XP level 5. HP: 18/47 MP: 5/5
  2710 | D:3      | Noticed qwertyui's ghost (amateur GrFi)
  2713 | D:3      | Found a runed translucent gate.
  2713 | D:3      | Found a runed translucent gate.
  2713 | D:3      | Found a runed translucent gate.
  2715 | D:3      | Noticed Ijyb
  2722 | D:3      | Killed Ijyb
  2760 | D:3      | Noticed Terence
  2771 | D:3      | Killed Terence
  2801 | D:3      | Noticed Sigmund
  2853 | D:3      | Killed Sigmund
  2854 | D:3      | Reached skill level 5 in Fighting
  2854 | D:3      | Reached XP level 6. HP: 23/56 MP: 6/6
  3643 | D:3      | Upgraded the game from 0.28.0-45-g0d030f2227 to
                  | 0.28.0-53-g5a82cb258f
  3742 | D:3      | Reached skill level 5 in Axes
  4227 | D:4      | Reached skill level 5 in Shields
  4302 | D:4      | Reached XP level 7. HP: 51/61 MP: 7/7
  4303 | D:4      | Reached skill level 5 in Armour
  4521 | D:4      | Noticed Robin
  4531 | D:4      | Killed Robin
  5143 | D:5      | Entered Level 5 of the Dungeon
  5163 | D:5      | Reached skill level 6 in Axes
  5279 | D:5      | Reached skill level 7 in Axes
  5279 | D:5      | Reached XP level 8. HP: 38/71 MP: 8/8
  5656 | D:5      | Reached skill level 8 in Axes
  5995 | D:5      | Found a hazy altar of Hepliaklqana.
  6001 | D:5      | You fall into a shaft and drop 3 floors!
  6027 | D:8      | Slain by an orc warrior

Illustrated notes

Levels and vault maps discovered:
D:1:      dpeg_cavernosity, layout_loops_ring, basic_ecumenical_altar,
          nicolae_shop_unique_rings, minmay_liquid_box,
          minmay_misc_feat_enclosed, amcnicky_mini_corridor_feature,
          serial_park_tiny_2, grunt_decor_mini_mirrors, st_stairs_10
D:2:      layout_rooms, st_stairs_2, minmay_misc_feat_four_crosses,
          chequers_serial_rivers_large_b
D:3:      layout_loops_ring, gammafunk_ghost_necromancy,
          kennysheep_cross_bottleneck, uniq_terence, uniq_ijyb, uniq_jessica,
          uniq_sigmund
D:4:      layout_basic, serial_bayou_pond_d, uniq_robin
D:5:      layout_rooms, nicolae_overflow_hidden_temple,
          minmay_temple_entry_large_hall, chequers_serial_rivers_small_3
D:8:      layout_rooms, david_lair_generic

Skill      XL: |  1  2  3  4  5  6  7  8 |
---------------+-------------------------+-----
Axes           | 3 4 5 7 8 |  8.4
Fighting       | 4 5 6 |  6.9
Shields        | 4 5 |  5.1
Armour         | 4 5 6 |  6.2

Action                   |  1- 3 |  4- 6 |  7- 9 || total
-------------------------+-------+-------+-------++-------
Melee: War axe           |   157 |   145 |   154 ||   456
Throw: Javelin           |     2 |       |       ||     2
  Use: Scroll            |     2 |     6 |     3 ||    11
       Potion            |       |     1 |     1 ||     2
Armor: Scale mail        |    85 |    41 |       ||   126
       Chain mail        |       |    17 |   156 ||   173
Dodge: Dodged            |    83 |    62 |    61 ||   206
Block: Buckler           |    30 |    17 |    41 ||    88
